 Dungeon Crawl Stone Soup version 0.31.0-1-g2c135a0 (webtiles) character file.

Game seed: 3968185155016844609

981 brinewave the Covered (level 7, 0/64 HPs)
             Began as a Minotaur Fighter on Jan 24, 2024.
             Slain by a troll (9 damage)
             ... on level 9 of the Dungeon.
             The game lasted 00:11:38 (3796 turns).

brinewave the Covered (Minotaur Fighter)            Turns: 3796, Time: 00:11:39

Health: 0/64       AC: 13    Str: 22    XL:     7   Next: 96%
Magic:  6/6        EV:  8    Int:  5    God:
Gold:   270        SH:  5    Dex: 10    Spells: 6/6 levels left

rFire   . . .        a - +0 war axe
rCold   . . .        c - +0 buckler
rNeg    . . .        n - +0 chain mail
rPois   .            (helmet restricted)
rElec   .            w - +0 cloak
rCorr   .            s - +0 pair of gloves
SInv    .            (no boots)
Will    .....        l - amulet of regeneration Stlth
                     (no ring)
HPRegen 1.10/turn    (no ring)
MPRegen 0.10/turn

%: no passive effects
@: lethally poisoned (0 -> -6)
A: horns 2, retaliatory headbutt
a: no special abilities


You were on level 9 of the Dungeon.
You visited 1 branch of the dungeon, and saw 7 of its levels.

You collected 270 gold pieces.

Inventory:

Hand Weapons
 a - a +0 war axe (weapon)
 k - a +1 dagger of venom
Missiles
 f - 67 stones
 o - 3 boomerangs (quivered)
 r - 2 poisoned darts
 t - a throwing net
 v - 4 curare-tipped darts
Armour
 c - a +0 buckler (worn)
 n - a +0 chain mail (worn)
 s - a +0 pair of gloves (worn)
 w - a +0 cloak (worn)
Jewellery
 l - an amulet of regeneration (around neck)
Wands
 u - a wand of polymorph (14)
Scrolls
 e - a scroll of fog
 g - a scroll of vulnerability
 h - a scroll of torment {unknown}
 m - a scroll of poison
 q - a scroll of immolation
 x - a scroll of enchant weapon {unknown}
Potions
 b - a potion of haste {unknown}
 d - 3 potions of might
 i - 6 potions of curing
 j - a potion of enlightenment
 z - 2 potions of lignification


   Skills:
 + Level 6.5 Fighting
 + Level 5.9 Axes
 + Level 6.6 Armour
 + Level 6.5 Shields


You had 6 spell levels left.
You didn't know any spells.
Your spell library contained the following spells:

 Spells                   Type           Power      Damage    Failure   Level
 Shock                    Conj/Air       0%         1d3       98%         1
 Ozocubu's Armour         Ice            0%         N/A       100%        3
 Swiftness                Air            0%         N/A       100%        3
 Airstrike                Air            0%         2d(0-16)  100%        4
 Metabolic Englaciation   Hex/Ice        0%         N/A       100%        5
 Sculpt Simulacrum        Ice/Alch       0%         N/A       100%        6


Dungeon Overview and Level Annotations

Branches:
Dungeon (9/15)             Temple (0/1) D:6
   Lair: D:8-11         Orc: D:9-12

Altars:
Zin

Annotations:
D:3 1 runed translucent door, Crazy Yiuf
D:5 1 runed translucent door, Caterwaul's ghost, novice TrSh


Innate Abilities, Weirdness & Mutations

You have a pair of horns on your head.
You reflexively headbutt those who attack you in melee.


Message History

You feel very sick. The killer bee stings you.
The killer bee closely misses you.
The killer bee stings you but does no damage. x2
The killer bee barely misses you. x2; You furiously retaliate!
You headbutt the killer bee!
You kill the killer bee!
The killer bee stings you but does no damage.
You block the killer bee's attack.
You slash the killer bee!
The killer bee is severely wounded.
You hit the killer bee.
You hit the killer bee but do no damage.
You feel sick.
The killer bee stings you but does no damage.
The killer bee stings you. You block the killer bee's attack. x2
The killer bee stings you.
You are more poisoned.
The killer bee poisons you! The killer bee barely misses you.
You miss the killer bee.
The killer bee is heavily wounded.
You miss the killer bee. You hit the killer bee.
You kill the killer bee!
You feel very sick.
The killer bee stings you but does no damage. x2
The killer bee stings you.
You are more poisoned.
The killer bee poisons you!
The killer bee stings you but does no damage. x2
The killer bee barely misses you. The troll bites you but does no damage.
The troll claws you but does no damage. The troll claws you!
* * * LOW HITPOINT WARNING * * *
You slash the killer bee!
You kill the killer bee!
You miss the killer bee. You hit the troll but do no damage.
* * * LOW HITPOINT WARNING * * *
You feel very sick.
The killer bee stings you but does no damage. x2
The troll bites you but does no damage. The troll claws you but does no damage.
The troll claws you!
You die...

... ..? .. ....
..... ..... ......
.....# ##........
......# ##.>T......
.......###..........
.......@#........[..
......†yT...........
....................
....................
............?..$....
....................
....................
..................#.
................##


You could see a troll and a killer bee.

Vanquished Creatures
  Sigmund (D:4)
  A black bear (D:5)
  An ogre (D:5)
  3 killer bees (D:9)
  2 bombardier beetles (D:3)
  A hound (D:5)
  2 gnoll boudas (D:5)
  An orc priest (D:5)
  An iguana (D:5)
  2 orc wizards (D:5)
  20 gnolls
  An adder (D:5)
  A shadow imp (D:5)
  2 dart slugs
  A ribbon worm (D:2)
  6 orcs
  6 endoplasms
  3 giant cockroaches
  4 goblins
  5 hobgoblins
  A jackal (D:2)
  2 quokkas (D:1)
  9 ball pythons
  4 bats
  3 frilled lizards (D:1)
  10 kobolds
  4 rats
97 creatures vanquished.

Notes
Turn   | Place    | Note
-------+----------+-------------------------------------------
     0 | D:1      | brinewave the Minotaur Fighter began the quest for the Orb.
     0 | D:1      | Reached XP level 1. HP: 19/19 MP: 0/0
   207 | D:1      | Reached XP level 2. HP: 25/27 MP: 1/1
   697 | D:2      | Reached XP level 3. HP: 31/33 MP: 2/2
  1682 | D:3      | Reached XP level 4. HP: 39/40 MP: 3/3
  1803 | D:3      | Found a runed translucent door.
  1804 | D:3      | Noticed Crazy Yiuf
  1902 | D:3      | Found a glowing silver altar of Zin.
  2339 | D:4      | Reached XP level 5. HP: 47/47 MP: 4/4
  2423 | D:4      | Noticed Sigmund
  2464 | D:4      | Killed Sigmund
  2465 | D:4      | Reached skill level 5 in Fighting
  2465 | D:4      | Reached skill level 5 in Armour
  2465 | D:4      | Reached skill level 5 in Shields
  2465 | D:4      | Reached XP level 6. HP: 41/56 MP: 5/5
  2836 | D:5      | Entered Level 5 of the Dungeon
  2951 | D:5      | Reached skill level 5 in Axes
  2951 | D:5      | Reached XP level 7. HP: 59/62 MP: 6/6
  3125 | D:5      | Found a runed translucent door.
  3125 | D:5      | Noticed Caterwaul's ghost (novice TrSh)
  3778 | D:6      | Found a staircase to the Ecumenical Temple.
  3778 | D:6      | You fall into a shaft and drop 3 floors!
  3785 | D:9      | Noticed a troll
  3796 | D:9      | Slain by a troll

Illustrated notes

Levels and vault maps discovered:
D:1:      elethiomel_arrival_shortcut, layout_rooms, minmay_quantized
D:2:      kennysheep_big_flooded_room, layout_basic,
          nicolae_figureground_sparkle
D:3:      layout_rooms, zin_statuary, kennysheep_generic_room_7,
          uniq_crazy_yiuf_cottage
D:4:      layout_basic, uniq_sigmund
D:5:      nicolae_BIG_FREAKIN_CUBE, layout_rooms,
          hellmonk_ghost_happy_afterlife, kennysheep_small_spiral
D:6:      layout_loops_ring, minmay_temple_entry_glass
D:9:      layout_big_octagon, lair_entry_dummy, orc_0_dummy,
          columned_hall_lemuel, uniq_maggie

Skill      XL: |  1  2  3  4  5  6  7 |
---------------+----------------------+-----
Armour         | 4 5 6 |  6.6
Shields        | 4 5 6 |  6.5
Fighting       | 4 5 6 |  6.5
Axes           | 3 4 5 |  5.9

Action                     |  1- 3 |  4- 6 |  7- 9 || total
---------------------------+-------+-------+-------++-------
  Melee: War axe           |    68 |    83 |    63 ||   214
         Headbutt          |     7 |    16 |     8 ||    31
  Throw: Boomerang         |       |     2 |       ||     2
         Dart              |       |       |     3 ||     3
    Use: Scroll            |     4 |     2 |     4 ||    10
         Potion            |       |     2 |       ||     2
 Armour: Scale mail        |    30 |       |       ||    30
         Chain mail        |     3 |    73 |    90 ||   166
  Dodge: Dodged            |    30 |    19 |    37 ||    86
  Block: Buckler           |    11 |    16 |    18 ||    45
